 Dungeon Crawl Stone Soup version 0.31-a0-1074-g0b22e4e0f1 (webtiles) character file.

Game seed: 18029075166002686710

61 Curundu the Trooper (level 3, 0/33 HPs)
             Began as a Draconian Berserker on Dec 2, 2023.
             Was a Believer of Trog.
             Slain by a kobold
             ... wielding a +0 short sword
              (2 damage)
             ... on level 3 of the Dungeon.
             The game lasted 00:13:57 (1775 turns).

Curundu the Trooper (Draconian Berserker)           Turns: 1775, Time: 00:13:57

Health: 0/33       AC:  5    Str: 19    XL:     3   Next: 83%
Magic:  3/3        EV: 12    Int:  7    God:    Trog [**....]
Gold:   29         SH:  0    Dex: 12    Spells: 2/2 levels left

rFire   . . .        i - +2 short sword (speed)
rCold   . . .        (no shield)
rNeg    . . .        (body armour unavailable)
rPois   .            (helmet restricted)
rElec   .            (no cloak)
rCorr   .            (no gloves)
SInv    .            (no boots)
Will    .....        (no amulet)
Stlth   +            (no ring)
HPRegen 0.25/turn    (no ring)
MPRegen 0.08/turn

%: no passive effects
@: no status effects
A: AC +5, unfitting armour, cold-blooded
a: Renounce Religion, Berserk, Trog's Hand


You were on level 3 of the Dungeon.
You worshipped Trog.
Trog was pleased with you.
You visited 1 branch of the dungeon, and saw 3 of its levels.

You collected 29 gold pieces.

Inventory:

Hand Weapons
 a - a +0 hand axe
 i - a +2 short sword of speed (weapon)
 m - a +0 sling of freezing
Missiles
 f - 6 stones
 h - 9 poisoned darts
 n - 3 atropa-tipped darts
Scrolls
 c - a scroll of vulnerability {unknown}
 d - 2 scrolls of enchant armour
 e - 2 scrolls of teleportation
 l - a scroll of immolation {unknown}
 o - 2 scrolls of identify {unknown}
Potions
 b - a potion of lignification {unknown}
 g - a potion of enlightenment {unknown}
 j - 2 potions of degeneration {unknown}
 k - 3 potions of brilliance {unknown}


   Skills:
 + Level 4.0 Fighting
 + Level 1.0 Short Blades
 + Level 3.5 Axes
 + Level 3.2 Dodging
 + Level 0.2 Stealth


You had 2 spell levels left.
You didn't know any spells.
Your spell library was empty.

Dungeon Overview and Level Annotations

Branches:
Dungeon (3/15)

Altars:

Annotations:
D:2 1 runed translucent door, Crazy Yiuf
D:3 Grinder


Innate Abilities, Weirdness & Mutations

Your plain brown scales are hard. (AC +5)
You cannot fit into any form of body armour.
You are cold-blooded and may be slowed by cold attacks.


Message History

Grinder blinks!
A ball python comes into view.
Found a stone staircase leading up.
A kobold comes into view. It is wielding a +0 short sword.
The kobold shouts!
The ball python hisses angrily.
An adder comes into view.
Found a long sword.
The adder hisses angrily.
You see here a scroll of teleportation.
Grinder gestures at you. You resist with significant effort.
Grinder gestures at you.
You suddenly lose the ability to move!
The ball python bites you but does no damage.
The ball python grabs you. The ball python constricts you.
The kobold hits you but does no damage. The ball python bites you.
The ball python constricts you. The kobold hits you but does no damage.
The ball python loses its grip on you.
The kobold hits you with a +0 short sword.
The adder bites you. Grinder hits you!
The kobold hits you with a +0 short sword.
The adder completely misses you.
You can move again.
The kobold attacks as it pursues you! The kobold hits you but does no damage.
The ball python attacks as it pursues you!
The ball python closely misses you. The ball python barely misses you.
Grinder attacks as she pursues you! Grinder hits you!
* * * LOW HITPOINT WARNING * * *
Grinder attacks as she pursues you! Grinder hits you.
* * * LOW HITPOINT WARNING * * *
You writhe in agony.
* * * LOW HITPOINT WARNING * * *
The kobold attacks as it pursues you!
The kobold hits you with a +0 short sword.
* * * LOW HITPOINT WARNING * * *
Grinder attacks as she pursues you! Grinder closely misses you.
Grinder attacks as she pursues you! Grinder barely misses you.
The adder attacks as it pursues you! The adder barely misses you.
The kobold hits you with a +0 short sword.
You die...

...................
.................#
.......?.........#
<................#
.................###
...................#
...................#
.............K...####
.............5@.....#
............SS...##.#
....................#
..........[.............
.................####...
............... ##
>................
..............##
##.##.........#


You could see Grinder, an adder, a ball python and a kobold.

Vanquished Creatures
  An adder (D:2)
  A worm (D:2)
  A dart slug (D:2)
  2 endoplasms
  2 giant cockroaches (D:2)
  4 goblins
  6 hobgoblins
  2 jackals (D:2)
  3 quokkas
  3 ball pythons
  6 bats
  4 frilled lizards
  6 kobolds
  A rat (D:2)
42 creatures vanquished.

Notes
Turn   | Place    | Note
-------+----------+-------------------------------------------
     0 | D:1      | Curundu the Draconian Berserker began the quest for the
                  | Orb.
     0 | D:1      | Reached XP level 1. HP: 19/19 MP: 1/1
   222 | D:1      | Reached XP level 2. HP: 26/26 MP: 2/2
   971 | D:2      | Reached ** piety under Trog
   972 | D:2      | Reached XP level 3. HP: 33/33 MP: 3/3
  1463 | D:2      | Reached skill level 1 in Short Blades
  1465 | D:2      | Reached skill level 4 in Fighting
  1554 | D:2      | Found a runed translucent door.
  1555 | D:2      | Noticed Crazy Yiuf
  1756 | D:3      | Noticed Grinder
  1765 | D:3      | Paralysed by Grinder for 5 turns
  1773 | D:3      | HP: 1/33 [kobold/+0 short sword (2)]
  1775 | D:3      | Slain by a kobold

Illustrated notes

Levels and vault maps discovered:
D:1:      onia_arrival_mini_maze_b, layout_loops_ring, hangedman_decor_lopped
D:2:      layout_loops_ring, uniq_crazy_yiuf_cottage
D:3:      layout_basic, uniq_ijyb, uniq_grinder

Skill      XL: |  1  2  3 |
---------------+----------+-----
Dodging        | 3 |  3.2
Short Blades   | 1 |  1.0
Fighting       | 4 |  4.0
Axes           | |  3.5
Stealth        | |  0.2

Action                     || total
---------------------------++-------
  Melee: Hand axe          ||    40
         Short sword       ||    82
         Tailslap          ||     6
   Fire: Sling             ||    11
    Use: Scroll            ||     2
 Armour: Skin              ||    89
  Dodge: Dodged            ||   105

Table legend: (Time is in decaauts)
 A = Elapsed time spent in this place.
 B = Non-inter-level travel time spent in this place.
 C = Inter-level travel time spent in this place.
 D = Time resting spent in this place.
 E = Time spent auto-exploring this place.
 F = Levels seen in this place.
 G = Mean time per level.
                   A        B        C        D        E       F      G
               +--------+--------+--------+--------+--------+-----+--------+
         Total |   1756 |   1752 |      4 |      9 |      0 |   3 |  585.3 |
       Dungeon |   1756 |   1752 |      4 |      9 |      0 |   3 |  585.3 |
               +--------+--------+--------+--------+--------+-----+--------+

Top non-repeatable levels by time:
     D:1: 924 daAuts
     D:2: 790 daAuts
     D:3: 41 daAuts
